 Dungeon Crawl Stone Soup version bcrawl-1.38.3 (webtiles) character file.

Game seed: 16486934852527918286

249251 Mrkan the Cudgeler (level 7, -1/61 HPs)
             Began as a Minotaur Archaeologist on May 26, 2023.
             Slain by a sky beast (4 damage)
             ... on level 5 of the Dungeon.
             The game lasted 00:06:47 (3805 turns).

Mrkan the Cudgeler (Minotaur Archaeologist)         Turns: 3805, Time: 00:06:48

Health: -1/61      AC: 12    Str: 15    XL:     7   Next: 78%
Magic:  6/6        EV:  3    Int: 14    God:
Gold:   220        SH:  8    Dex: 10    Spells: 6/6 levels left

rFire    . . .     GDR:     26% c - +0 flail
rCold    . . .     SeeInvis .   D - +0 medium shield
rNeg     . . .     Gourm    .   B - +0 chain mail
rPois    .         Faith    .   d - +1 hat
rElec    .         Spirit   .   (no cloak)
rCorr    .         Reflect  .   (no gloves)
MR       .....                  k - +1 pair of boots
Stlth    ..........             (no amulet)
HPRegen  0.20/turn              (no ring)
MPRegen  0.10/turn              (no ring)

@: berserk cooldown, slowed, very slow
A: retaliatory headbutt, beak, horns 2, clever 1
a: no special abilities


You were on level 5 of the Dungeon.
You were hungry.

You visited 1 branch of the dungeon, and saw 5 of its levels.

You collected 220 gold pieces.

Inventory:

Hand Weapons
 a - a +0 whip
 b - a +0 blowgun
 c - a +0 flail (weapon)
 C - a +2 trident of protection
Missiles
 f - 6 curare-tipped needles
 t - 135 poisoned tomahawks (quivered)
Armour
 d - a +1 hat (worn)
 k - a +1 pair of boots (worn)
 B - a +0 chain mail (worn)
 D - a +0 medium shield (worn)
 E - a +0 pair of gloves
Jewellery
 y - a cursed ring of teleportation {unknown}
Wands
 A - a wand of flame (24)
Scrolls
 g - 4 scrolls of magic mapping
 h - a scroll of acquirement
 i - 4 scrolls of identify
 j - a scroll of noise {unknown}
 n - a scroll of enchant armour {unknown}
 o - a scroll of remove curse {unknown}
 q - a scroll of immolation {unknown}
 r - a scroll of fear {unknown}
 s - 4 scrolls of teleportation {unknown}
 w - a scroll of enchant weapon {unknown}
Potions
 l - a potion of berserk rage
 m - a potion of ambrosia {unknown}
 p - a potion of haste {unknown}
 u - 2 potions of curing {unknown}
 v - a potion of mutation
 z - a potion of heal wounds {unknown}
Comestibles
 e - 6 rations {!d}
 x - 4 chunks of flesh


   Skills:
 + Level 5.4 Fighting
 + Level 7.0 Maces & Flails
 - Level 4.0 Armour
 - Level 3.2 Dodging
 - Level 2.6 Stealth
 + Level 3.5 Shields


You had 6 spell levels left.
You didn't know any spells.
Your spell library was empty.

Dungeon Overview and Level Annotations

Branches:
Dungeon (5/12)
 Temple: D:4-7

Altars:
Kikubaaqudgha
Vehumet

Shops:
D:5 =}*!


Innate Abilities, Weirdness & Mutations

You reflexively headbutt those who attack you in melee.
You have a pair of horns on your head.
You have a beak for a mouth.
Your mind is acute. (Int +2)


Message History

Something hits you but does no damage. You block the quokka's attack.
You are too berserk!
You closely miss the quokka. Something hits you but does no damage.
The quokka bites you but does no damage.
You block the quokka's attack. You block something's attack.
You feel a strong urge to attack something.
The quokka bites you but does no damage.
Your shield and chain mail prevent you from hitting the quokka.
Your peck misses the quokka. You block the quokka's attack. Something hits you.
* * * LOW HITPOINT WARNING * * *
Something shocks you.
* * * LOW HITPOINT WARNING * * *
You sock the quokka!
You kill the quokka!
You are no longer berserk.
You are exhausted.
You feel yourself slow down. Something hits you but does no damage.
You barely miss something.
Something hits you but does no damage. x2
You miss something. Something hits you.
You die...

####.#####.#.##
#....÷........#
#.#..#######..#
#.#.## ..#
#######)#.######
.#
#................
.#
#.####.≈..[.####.
#
#......{........
#..#.#)#@#......
#...⌠.∩.⌠...####
#.#.#.#.#.##
#..∩...∩....
#.#.#.#.# ##.
#..⌠.∩.⌠. .# #.#
#.#.# . #. ...


There were no monsters in sight!

Vanquished Creatures
  An ogre (D:4)
  A scorpion (D:4)
  2 orc priests (D:5)
  2 crimson imps
  4 howler monkeys
  4 hounds
  2 bullfrog skeletons
  2 orc wizards (D:5)
  A worker ant (D:3)
  A hound skeleton (D:4)
  9 adders
  An ooze (D:4)
  2 adder skeletons
  2 worms (D:2)
  3 dart slugs
  3 leopard geckos
  15 orcs
  6 bats
  2 giant cockroaches
  5 goblins
  8 hobgoblins
  6 jackals (D:2)
  5 quokkas
  4 frilled lizards
  A jackal zombie (D:5)
  9 kobolds
  5 rats
106 creatures vanquished.

Notes
Turn   | Place    | Note
-------+----------+-------------------------------------------
     0 | D:1      | Mrkan the Minotaur Archaeologist began the quest for the
                  | Orb.
     0 | D:1      | Reached XP level 1. HP: 16/16 MP: 0/0
   125 | D:1      | Reached skill level 2 in Maces & Flails
   125 | D:1      | Reached XP level 2. HP: 22/23 MP: 1/1
   231 | D:1      | Reached skill level 1 in Armour
   732 | D:2      | Reached XP level 3. HP: 27/29 MP: 2/2
   855 | D:2      | Reached skill level 3 in Maces & Flails
  1378 | D:3      | Reached XP level 4. HP: 31/37 MP: 3/3
  1582 | D:3      | Reached skill level 4 in Maces & Flails
  1677 | D:3      | Reached XP level 5. HP: 36/45 MP: 4/4
  1677 | D:3      | Identified a scroll of acquirement
  2317 | D:4      | Found a radiant altar of Vehumet.
  2500 | D:4      | Reached skill level 5 in Maces & Flails
  2587 | D:4      | Reached XP level 6. HP: 47/51 MP: 5/5
  3102 | D:4      | Reached skill level 6 in Maces & Flails
  3102 | D:4      | Reached skill level 1 in Shields
  3299 | D:4      | Reached XP level 7. HP: 59/59 MP: 6/6
  3328 | D:5      | Entered Level 5 of the Dungeon
  3581 | D:5      | Found an ancient bone altar of Kikubaaqudgha.
  3695 | D:5      | Reached skill level 5 in Fighting
  3738 | D:5      | Found Mihicepe's Gadget Emporium.
  3741 | D:5      | Found Hinwoirhuu's Distillery.
  3741 | D:5      | Found Zoarroo's Jewellery Emporium.
  3744 | D:5      | Found Nuiqyheb's General Store.
  3765 | D:5      | Reached skill level 7 in Maces & Flails
  3796 | D:5      | Gained mutation: Your mind is acute. (Int +2) [potion of
                  | mutation]
  3796 | D:5      | Gained mutation: You have a beak for a mouth. [potion of
                  | mutation]
  3802 | D:5      | HP: 3/91 [something (5)]
  3805 | D:5      | Slain by a sky beast

Skill      XL: |  1  2  3  4  5  6  7 |
---------------+----------------------+-----
Maces & Flails | 2 3 4 5 6 7 |  7.0
Armour         | 1 2 3 4 |  4.0
Fighting       | 2 3 4 5 |  5.4
Shields        | 1 3 |  3.5
Dodging        | |  3.2
Stealth        | |  2.6

Action                   |  1- 3 |  4- 6 |  7- 9 || total
-------------------------+-------+-------+-------++-------
Melee: Whip              |   105 |   157 |       ||   262
       Headbutt          |    15 |    22 |     9 ||    46
       Flail             |       |    16 |   120 ||   136
  Use: Potion            |       |       |     2 ||     2
 Stab: Sleeping          |     4 |     2 |       ||     6
  Eat: Chunk             |     4 |    11 |     4 ||    19
Armor: Robe              |    44 |    42 |       ||    86
       Chain mail        |       |    13 |    94 ||   107
Dodge: Dodged            |    91 |    94 |     4 ||   189
Block: Medium shield     |       |       |    56 ||    56
